 Dungeon Crawl Stone Soup version 0.29-a0-251-g80730f7218 (webtiles) character file.

Game seed: 15458320190986228730

63 spaghetti the Skirmisher (level 3, -1/21 HPs)
             Began as a Deep Elf Chaos Knight on Mar 5, 2022.
             Was a Plaything of Xom.
             Killed from afar by Ijyb (18 damage)
             ... with an iceblast
             ... on level 3 of the Dungeon.
             The game lasted 00:03:30 (2809 turns).

spaghetti the Skirmisher (Deep Elf Chaos Knight)    Turns: 2809, Time: 00:03:30

Health: -1/21      AC:  5    Str:  7      XL:     3   Next: 89%
Magic:  5/5        EV: 11    Int: 18      God:    Xom [*.....]
Gold:   129        SH:  0    Dex: 13 (14) Spells: 2/2 levels left

rFire   . . .      SeeInvis .   a - +0 falchion (chaos) {long}
rCold   . . .      Faith    .   (no shield)
rNeg    . . .      Spirit   .   b - +2 leather armour
rPois   .          Reflect  .   (no helmet)
rElec   .          Harm     .   (no cloak)
rCorr   .          Rampage  .   (no gloves)
Will    .....                   (no boots)
Stlth   +.........              (no amulet)
HPRegen 0.07/turn               (no ring)
MPRegen 0.09/turn               (no ring)

@: confused, brilliant, ambrosia-drunk
A: frail 1, screaming 1, weak 1
a: Renounce Religion


You were on level 3 of the Dungeon.
You worshipped Xom.
You were a special plaything of Xom.
You visited 1 branch of the dungeon, and saw 3 of its levels.

You collected 129 gold pieces.


Innate Abilities, Weirdness & Mutations

You are frail. (-10% HP)
You occasionally shout uncontrollably at your foes.
You are weak. (Str -2)


   Skills:
 + Level 4.0 Fighting
 - Level 2.6 Long Blades
 - Level 0.7 Armour
 - Level 2.4 Dodging


You had 2 spell levels left.
You didn't know any spells.
Your spell library contained the following spells:

 Spells                   Type           Power      Damage    Failure   Level
 Blink                    Tloc           0%         N/A       43%         2
 Lesser Beckoning         Tloc           0%         N/A       67%         3
 Manifold Assault         Tloc           0%         N/A       100%        5

Inventory:

Hand Weapons
 a - a +0 falchion of chaos (weapon) {long}
Missiles
 e - 82 stones (quivered) {throwing}
Armour
 b - a +2 leather armour (worn)
Magical Staves
 c - a staff of cold {!astaff}
   (You found it on level 2 of the Dungeon)
Jewellery
 g - a ring of magical power
   (You found it on level 1 of the Dungeon)
Scrolls
 h - 3 scrolls of teleportation {@r4}
 k - 2 scrolls of identify {@r1}
Potions
 f - a potion of curing {@q1}
 i - a potion of brilliance
 j - a potion of might

Dungeon Overview and Level Annotations

Branches:
Dungeon (3/15)

Altars:

Annotations:
D:3 Ijyb

.# .# .# .'
.# g+ #
######)#
##. #....@#
#..##....##
##!.....).#
#.........#
######....#
#..<...$..#
#....)#+###
#........
######...#


You could see Ijyb.


Message History

No target in view!
No target in view!
No target in view!
No target in view!
No target in view!
An orc comes into view. It is wielding a +0 whip.
An orc is nearby!
Okay, then.
The orc shouts!
You hear a shout!
Things that are here:
a +0 mace {mace}; an orc corpse The orc hits you with a +0 whip. 😕 HP[-1]
You take 1 damage, and now have 18/21 hp.
You hit the orc. You freeze the orc.
The orc hits you with a +0 whip. 😕 HP[-1]
You take 1 damage, and now have 17/21 hp.
You hit the orc.
You kill the orc!
No target in view!
No target in view!
No target in view!
No target in view!
No target in view!
No target in view!
No target in view!
No target in view!
No target in view!
An orc wizard comes into view. It is wielding a +0 dagger.
You yell at the orc wizard!
You hear a shout! x3
An orc wizard is nearby!
An orc wizard is nearby!
An orc wizard is nearby!
You see here a +0 whip {mace}.
You hit the orc wizard but do no damage.
You drain the orc wizard.
Something unseen opens the door.
The orc wizard barely misses you.
A goblin comes into view. It is wielding a +0 club.
You barely miss the orc wizard.
The orc wizard closely misses you. 😕 HP[+1]
You miss the orc wizard.
The orc wizard gestures wildly while chanting.
The orc wizard flickers and vanishes!
Deactivating autopickup; reactivate with Ctrl-A.
Something hits you.
No target in view! 😕 HP[-1]
You take 1 damage, and now have 17/21 hp.
No target in view!
No target in view!
No target in view!
No target in view!
No target in view!
No target in view!
No target in view!
No target in view!
No target in view!
No target in view!
No target in view!
No target in view!
No target in view!
There is a strange disturbance nearby!
There is a strange disturbance nearby!
There is a strange disturbance nearby!
You miss something. Something hits you. 😮 HP[-3]
You take 3 damage, and now have 14/21 hp.
You closely miss something.
You hear some strange, mumbled words.
A magic dart appears from out of thin air!
The magic dart hits you!
* * * LOW HITPOINT WARNING * * *
😱 HP[-9]
You take 9 damage, and now have 5/21 hp.
MASSIVE DAMAGE!! (PAUSE) It was a potion of brilliance.
You feel clever all of a sudden.
Xom is highly amused!
Something hits you but does no damage.
You are confused.
You feel invigorated.
Ijyb the Twisted Goblin comes into view.
She is wielding a +0 club and carrying a wand of iceblast (10).
You yell at Ijyb!
Something hits you but does no damage.
You hear a bark! x2; You hear a shout! 😨 HP[+4]
You regained 4 hp, and now have 9/21 hp.
You're too confused to attack without stumbling around!
You're too confused to attack without stumbling around!
You bump into the rock wall.
Something hits you but does no damage. 😮 HP[+3]
You regained 3 hp, and now have 12/21 hp.
You bump into the rock wall.
Ijyb zaps a wand.
The mass of ice explodes!
The iceblast engulfs something!
Reactivating autopickup.
You feel a bit more experienced. The iceblast engulfs you!!
Ouch! That really hurt!
You die...
Xom laughs nastily!

Skill      XL: |  1  2  3 |
---------------+----------+-----
Fighting       | 3 4 |  4.0
Long Blades    | |  2.6
Armour         | |  0.7
Dodging        | |  2.4

Action                   || total
-------------------------++-------
Melee: Falchion          ||   140
       Punch             ||     3
  Use: Scroll            ||     8
       Potion            ||     2
Armor: Leather armour    ||    46
Dodge: Dodged            ||    80

Levels and vault maps discovered:
D:1:      arrival_zaba_pyramid, layout_basic, serial_glass, glass_columns_a,
          glass_columns_b, glass_columns_b, glass_columns_a,
          ebering_ecumenical_altar_hall, hangedman_glass_garden
D:2:      minmay_door_path, layout_basic
D:3:      layout_basic, grunt_decor_clamped, minivault_4,
          grunt_decor_one_mirror, minmay_misc_feat_x, kennysheep_generic_room_8,
          uniq_ijyb

Notes
Turn   | Place    | Note
-------+----------+-------------------------------------------
     0 | D:1      | spaghetti the Deep Elf Chaos Knight began the quest for the
                  | Orb.
     0 | D:1      | Reached XP level 1. HP: 13/13 MP: 3/3
     0 | D:1      | magus.rc [v1.9.6]
   123 | D:2      | XOM: cast spell 'Call Canine Familiar'
   267 | D:2      | Reached XP level 2. HP: 18/18 MP: 4/4
   302 | D:1      | Reached skill level 3 in Fighting
   367 | D:1      | XOM: 6-stop teleportation journey
   430 | D:1      | XOM: 1-stop teleportation journey
   562 | D:1      | XOM: polymorph rat -> orc
   568 | D:1      | Found a faded altar of an unknown god.
   951 | D:1      | XOM: noise
   982 | D:1      | XOM: give mutation
   982 | D:1      | Gained mutation: You are clumsy. (Dex -2) [Xom's mischief]
  1164 | D:1      | Reached XP level 3. HP: 8/23 MP: 5/5
  1264 | D:1      | XOM: stat loss: -1 Str (8/9)
  1304 | D:1      | XOM: stat loss: -1 Dex (11/12)
  1519 | D:2      | XOM: noise
  1760 | D:2      | You pick up a book of Spatial Translocations and begin
                  | reading...
  1760 | D:2      | You add the spells Blink, Lesser Beckoning and Manifold
                  | Assault to your library.
  1982 | D:2      | XOM: 7-stop teleportation journey
  2009 | D:2      | XOM: smoke on damage
  2148 | D:2      | XOM: give mutations
  2148 | D:2      | Gained mutation: You are weak. (Str -2) [Xom's mischief]
  2154 | D:2      | XOM: give mutations
  2154 | D:2      | Gained mutation: You are frail. (-10% HP) [Xom's mischief]
  2154 | D:2      | Lost mutation: You are clumsy. (Dex -2) [Xom's mischief]
  2340 | D:2      | XOM: smoke on damage
  2754 | D:2      | XOM: give mutation
  2754 | D:2      | Gained mutation: You occasionally shout uncontrollably at
                  | your foes. [Xom's mischief]
  2791 | D:3      | Reached skill level 4 in Fighting
  2805 | D:3      | HP: 5/21 [something/magic dart (9)]
  2807 | D:3      | Noticed Ijyb
  2809 | D:3      | Killed from afar by Ijyb

Vanquished Creatures
  An ufetubus (D:2)
  A worm (D:2)
  2 dart slugs
  3 orcs
  2 bats (D:1)
  4 endoplasms
  3 giant cockroaches
  6 goblins
  2 hobgoblins
  7 jackals
  2 quokkas
  A ball python (D:1)
  A frilled lizard (D:1)
  5 kobolds
  A rat (D:1)
  A butterfly (D:1)
42 creatures vanquished.

Vanquished Creatures (others)
  An orc wizard (D:3)
  A goblin (D:3)
2 creatures vanquished.

Grand Total: 44 creatures vanquished

Table legend:
 A = Non-vault XP
 B = Vault XP
 C = Vault XP percentage of total XP
 D = Non-vault monster count
 E = Vault monster count
 F = Vault count percentage of total count
                 A         B        C        D         E       F
            +---------+---------+-------+---------+---------+-------
      Total |      95 |       4 |   4.0 |      40 |       2 |   4.8
            +---------+---------+-------+---------+---------+-------
        D:1 |      35 |       0 |   0.0 |      18 |       0 |   0.0
        D:2 |      46 |       4 |   8.0 |      19 |       2 |   9.5
        D:3 |      14 |       0 |   0.0 |       3 |       0 |   0.0
            +---------+---------+-------+---------+---------+-------

Illustrated notes

Table legend:
 A = Kills in this place as a percentage of kills in entire the game.
 B = Kills by you in this place as a percentage of kills by you in the entire game.
 C = Kills by friends in this place as a percentage of kills by friends in the entire game.
 D = Other kills in this place as a percentage of other kills in the entire game.
 E = Experience gained in this place as a percentage of experience gained in the entire game.
 F = Experience gained in this place divided by the number of levels of this place that you have seen.
                   A       B       C       D       E      F
               +-------+-------+-------+-------+-------+----------------------
         Total | 100.0 | 100.0 |   N/A | 100.0 | 100.0 |  33.0
       Dungeon | 100.0 | 100.0 |   N/A | 100.0 | 100.0 |  33.0
               +-------+-------+-------+-------+-------+----------------------

Table legend: (Time is in decaauts)
 A = Elapsed time spent in this place.
 B = Non-inter-level travel time spent in this place.
 C = Inter-level travel time spent in this place.
 D = Time resting spent in this place.
 E = Time spent auto-exploring this place.
 F = Levels seen in this place.
 G = Mean time per level.
                   A        B        C        D        E       F      G
               +--------+--------+--------+--------+--------+-----+--------+
         Total |   2834 |   2701 |    133 |    632 |   1739 |   3 |  944.7 |
       Dungeon |   2834 |   2701 |    133 |    632 |   1739 |   3 |  944.7 |
               +--------+--------+--------+--------+--------+-----+--------+

Top non-repeatable levels by time:
     D:2: 1626 daAuts
     D:1: 1181 daAuts
     D:3: 27 daAuts
